 Dungeon Crawl Stone Soup version 0.29.1-1-gd02db6906a (webtiles) character file.

Game seed: 8016561075566705747

136 raincastle the Schismatic (level 4, 0/35 HPs)
             Began as a Demonspawn Abyssal Knight on Sept 20, 2022.
             Was an Elder of Lugonu.
             Slain by an orc wizard
             ... wielding a +0 dagger
              (1 damage)
             ... on level 2 of the Dungeon.
             The game lasted 00:11:57 (3208 turns).

raincastle the Schismatic (DsAK)                    Turns: 3208, Time: 00:11:58

Health: 0/35       AC:  5    Str: 15    XL:     4   Next: 98%
Magic:  7/7        EV: 10    Int: 14    God:    Lugonu [****..]
Gold:   212        SH:  0    Dex: 13    Spells: 3/3 levels left

rFire   . . .      SeeInvis .   q - +1 mace (protect)
rCold   . . .      Faith    .   (no shield)
rNeg    . . .      Spirit   .   h - +0 ring mail
rPois   .          Reflect  .   (no helmet)
rElec   .          Harm     .   (no cloak)
rCorr   .          Rampage  .   (no gloves)
Will    .....                   (no boots)
Stlth   +.........              f - amulet of the acrobat
HPRegen 0.11/turn               (no ring)
MPRegen 0.10/turn               (no ring)

@: no status effects
A: ignite blood 1, spiny 1, big brain 1
a: Renounce Religion, Depart the Abyss, Bend Space, Banish, Corrupt


You were on level 2 of the Dungeon.
You worshipped Lugonu.
Lugonu was greatly pleased with you.
You visited 1 branch of the dungeon, and saw 3 of its levels.
You visited the Abyss 1 time.

You collected 212 gold pieces.

Inventory:

Hand Weapons
 a - a +1 mace
 n - a +0 glaive
 p - a +0 morningstar
 q - a +1 mace of protection (weapon)
Armour
 b - a +0 leather armour
 h - a +0 ring mail (worn)
Jewellery
 e - a ring of wizardry
 f - an amulet of the acrobat (around neck)
Scrolls
 d - a scroll of butterflies
 g - 2 scrolls of poison
 k - a scroll of enchant armour
 m - 2 scrolls of noise
Potions
 c - a potion of brilliance {unknown}
 i - a potion of invisibility {unknown}
 j - a potion of degeneration {unknown}
 l - a potion of heal wounds {unknown}
 o - a potion of might {unknown}


   Skills:
 - Level 3.5 Fighting
 * Level 2.9 Maces & Flails
 - Level 1.4 Polearms
 - Level 2.2 Armour
 - Level 0.8 Dodging
 * Level 4.1 Invocations


You had 3 spell levels left.
You didn't know any spells.
Your spell library contained the following spells:

 Spells                   Type           Power      Damage    Failure   Level
 Magic Dart               Conj           0%         1d3       50%         1
 Searing Ray              Conj           0%         2d4       63%         2
 Fulminant Prism          Conj/Hex       0%         3d6       99%         4


Dungeon Overview and Level Annotations

Branches:
Dungeon (3/15)

Altars:


Innate Abilities, Weirdness & Mutations

Your demonic aura sometimes causes spilled blood to erupt in flames.
You are partially covered in sharp spines.
You have an unusually large brain. (Int +2)


Message History

The orc priest hits you but does no damage.
The orc priest invokes the aid of Beogh against you.
Beogh smites you!
You are too injured to fight recklessly!
You are too injured to fight recklessly!
You hit the orc priest.
The orc priest is severely wounded.
The orc is struck by your spines. The orc hits you but does no damage.
The orc priest mumbles some strange prayers to Beogh against you.
Beogh smites you!
* * * LOW HITPOINT WARNING * * *
The orc barely misses you.
You hit the orc priest.
The orc priest is severely wounded.
The orc is struck by your spines. The orc misses you.
The orc priest hits you but does no damage.
The orc is struck by your spines.
You kill the orc!
Lugonu accepts your kill.
You hit the orc priest.
You kill the orc priest!
Lugonu accepts your kill.
Your Invocations skill increases to level 4!
You see here a +0 flail.
The orc attacks as you move away! The orc misses you.
The orc attacks as you move away! The orc closely misses you.
The orc attacks as you move away! The orc is struck by your spines.
The orc barely misses you. The orc attacks as you move away!
The orc hits you but does no damage. The orc attacks as you move away!
The orc barely misses you.
There is a stone staircase leading up here.
The orc hits you with a +0 dagger.
* * * LOW HITPOINT WARNING * * *
You climb upwards.
The orc is struck by your spines. The orc hits you with a +0 whip.
* * * LOW HITPOINT WARNING * * *
There is a stone staircase leading down here.
The orc is struck by your spines. The orc barely misses you.
The orc wizard hits you with a +0 dagger.
You die...

o######### oo.......# o#######.#
#.# #.# #.# #.#.######### #.#
.<#.........# ##.# #.#.........#
.#.# #.#.....oo..##############
.#.# #.#.....o@................
.#.# #.#..o......######.#######
.#.#####.#............###...#####
.#..............[................
.........#.##########..####....##
##########.#..{oo....#...........
.............#######.###'##...##.
##########.####....#†#........##.
#..........†.+........###


You could see 2 orc wizards and 2 orcs.

Vanquished Creatures
  An orc priest (D:3)
  3 adders
  2 worms (D:2)
  4 orcs (D:3)
  11 ball pythons
  3 endoplasms
  2 giant cockroaches
  4 goblins (D:1)
  7 hobgoblins
  6 jackals
  6 kobolds
  2 quokkas
  4 bats
  9 frilled lizards (D:1)
  7 rats
71 creatures vanquished.

Vanquished Creatures (others)
  6 plants (D:1)
6 creatures vanquished.

Grand Total: 77 creatures vanquished

Notes
Turn   | Place    | Note
-------+----------+-------------------------------------------
     0 | Abyss:1  | raincastle the Demonspawn Abyssal Knight began the quest
                  | for the Orb.
     0 | Abyss:1  | Reached XP level 1. HP: 18/18 MP: 2/2
     1 | D:1      | Escaped the Abyss
   226 | D:1      | Gained mutation: Your demonic aura sometimes causes spilled
                  | blood to erupt in flames. [demonic ancestry]
   226 | D:1      | Reached XP level 2. HP: 22/24 MP: 3/3
   455 | D:1      | Reached *** piety under Lugonu
   551 | D:1      | Reached skill level 3 in Invocations
   572 | D:1      | You fall into a shaft and drop 1 floor!
   697 | D:2      | Gained mutation: You have an unusually large brain. (Int
                  | +2) [demonic ancestry]
   697 | D:2      | Reached XP level 3. HP: 20/29 MP: 5/5
  1019 | D:1      | Found a faded altar of an unknown god.
  1541 | D:2      | HP: 1/29 [poisoned by an adder]
  1905 | D:3      | Gained mutation: You are partially covered in sharp spines.
                  | [demonic ancestry]
  1905 | D:3      | Reached XP level 4. HP: 22/35 MP: 6/6
  2224 | D:2      | Reached **** piety under Lugonu
  2228 | D:2      | Reached skill level 1 in Polearms
  3191 | D:3      | Reached skill level 4 in Invocations
  3207 | D:2      | HP: 1/35 [orc/+0 whip (3)]
  3208 | D:2      | Slain by an orc wizard

Illustrated notes

Levels and vault maps discovered:
D:1:      lightli_iron_boxes, layout_basic, basic_ecumenical_altar,
          minmay_lizard_king
D:2:      layout_basic, minmay_between
D:3:      layout_basic

Skill      XL: |  1  2  3  4 |
---------------+-------------+-----
Maces & Flails | 2 |  2.9
Armour         | 2 |  2.2
Invocations    | 3 4 |  4.1
Polearms       | 1 |  1.4
Fighting       | |  3.5
Dodging        | |  0.8

Action                   |  1- 3 |  4- 6 || total
-------------------------+-------+-------++-------
Melee: Mace              |   110 |     4 ||   114
       Glaive            |    31 |    25 ||    56
Invok: Bend Space        |     1 |     6 ||     7
  Use: Scroll            |     4 |     1 ||     5
Armor: Leather armour    |    11 |       ||    11
       Ring mail         |    54 |    10 ||    64
Dodge: Dodged            |   138 |    26 ||   164
